Map: Central Protocol

Players

YellowFox

  • Race: Zerg Zerg
  • League: Diamond

Milant - Winner!

  • Race: Terran Terran
  • League: Master

VOD

Have the link to the VOD?

Description

Time

  • Played on: Nov. 12, 2015, 8:44 p.m.
  • Length: 13:30
Show
View Real Time Build Order
Export as new Build Order

YellowFox Zerg 

Build Orders: Hatch First 

Get SALT Encoding   

  12  0:01  Drone  
  13  0:12  Overlord  
  13  0:19  Drone  
  14  0:32  Drone x2  
  16  0:36  Drone  
  17  0:57  Hatchery  
  16  1:10  Spawning Pool  
  15  1:13  Drone  
  15  1:17  Drone  
  17  1:22  Drone  
  17  1:24  Extractor  
  17  1:33  Drone  
  18  1:43  Overlord  
  18  1:57  Queen  
  18  1:59  Zergling x4  
  22  2:07  Drone  
  23  2:10  Queen  
  23  2:11  Drone  
  26  2:31  Drone x4  
  26  2:32  Metabolic Boost  
  30  2:40  Overlord  
  30  2:51  Drone x2  
  30  2:56  Drone  
  33  3:08  Queen  
  34  3:14  Drone x3  
  34  3:15  Drone x3  
  40  3:20  Queen  
  40  3:23  Overlord  
  42  3:31  Roach Warren  
  41  3:46  Queen  
  41  3:48  Overlord  
  43  3:54  Drone x6  
  43  3:55  Drone  
  49  3:56  Spine Crawler  
  49  4:01  Queen  
  50  4:07  Spore Crawler  
  49  4:22  Roach x3  
  49  4:23  Roach x3  
  42  4:40  Drone x6  
  47  4:57  Drone x3  
  50  5:01  Queen  
  52  5:15  Overlord  
  52  5:16  Drone  
  52  5:17  Drone x5  
  58  5:34  Overlord  
  58  5:35  Drone x2  
  60  5:38  Drone, Extractor  
  60  5:46  Drone  
  60  5:47  Drone x2  
  60  5:48  Drone x3  
  66  5:51  Extractor  
  66  5:55  Evolution Chamber  
  64  5:57  Evolution Chamber  
  64  6:01  Lair  
  64  6:02  Drone  
  64  6:05  Hatchery  
  64  6:06  Overlord  
  63  6:13  Drone x4  
  63  6:14  Extractor  
  66  6:23  Drone x5  
  71  6:29  Spore Crawler  
  70  6:34  Drone x2  
  70  6:37  Spore Crawler  
  71  6:41  Zerg Missile Weapons Level 1  
  71  6:42  Zerg Ground Armor Level 1  
  71  6:49  Drone  
  71  6:53  Drone x5  
  77  6:54  Drone  
  77  6:58  Overseer  
  78  7:03  Glial Reconstitution  
  78  7:11  Overlord  
  78  7:15  Drone x4  
  82  7:25  Spore Crawler  
  81  7:31  Roach x8  
  97  7:47  Overlord  
  97  7:48  Overlord x3  
  97  7:49  Extractor x2  
  94  7:52  Queen  
  96  8:04  Baneling Nest, Drone x3  
  98  8:06  Spire  
  98  8:07  Drone  
  98  8:09  Hydralisk Den  
  97  8:15  Drone x3  
  97  8:16  Drone x2  
  102  8:23  Hatchery  
  101  8:28  Drone x5  
  106  8:36  Overlord x3  
  106  8:37  Hydralisk x3  
  112  8:41  Muscular Augments  
  112  9:00  Drone  
  112  9:04  Pneumatized Carapace  
  112  9:07  Overlord x3  
  112  9:08  Hydralisk x5  
  122  9:12  Overseer  
  123  9:31  Zergling x2  
  123  9:32  Hatchery, Zergling x16  
  123  9:33  Extractor  
  123  9:34  Centrifical Hooks, Extractor  
  128  9:52  Baneling x6  
  105  10:04  Spawning Pool  
  98  10:12  Baneling x2  
  98  10:13  Baneling x9  
  98  10:14  Mutalisk x7  
  112  10:28  Baneling Nest  
  111  10:30  Lair  
  111  10:33  Mutalisk  
  111  10:34  Mutalisk x3  
  119  10:53  Hatchery  
  119  10:54  Zergling x2  
  119  10:55  Zergling x8  
  123  10:57  Overlord  
  109  11:18  Zergling x2  
  110  11:19  Zergling x14  
  117  11:35  Hydralisk  
  117  11:36  Hydralisk x2  
  77  12:20  Hatchery  
Show
View Real Time Build Order
Export as new Build Order

Milant Terran - Winner!

Build Orders: Bio Tank, Hellion Banshee, MMM Bio 

Get SALT Encoding   

  12  0:00  SCV  
  13  0:13  SCV  
  14  0:17  Supply Depot  
  14  0:25  SCV  
  15  0:39  SCV  
  15  0:41  Barracks  
  16  0:44  Refinery  
  16  0:51  SCV  
  17  1:03  SCV  
  18  1:15  SCV  
  19  1:27  Orbital Command  
  19  1:28  Barracks Reactor  
  19  1:39  Command Center  
  19  1:47  Supply Depot  
  19  1:53  SCV  
  20  2:04  Factory  
  20  2:05  Marine  
  20  2:07  Marine  
  22  2:12  SCV  
  23  2:23  Marine  
  23  2:24  SCV, Marine  
  26  2:36  SCV  
  27  2:48  Starport  
  27  2:51  Orbital Command  
  27  2:52  Marine  
  27  2:53  SCV  
  27  2:55  Hellion, Refinery  
  31  2:59  Hellion  
  34  3:05  SCV  
  34  3:08  Supply Depot  
  34  3:12  Marine  
  34  3:16  Widow Mine  
  34  3:18  SCV x2  
  39  3:25  Medivac  
  41  3:30  SCV, Hellion  
  41  3:31  SCV  
  45  3:38  Supply Depot, Barracks Tech Lab  
  45  3:42  SCV  
  45  3:45  Hellion  
  45  3:48  SCV  
  49  3:51  Hellion  
  51  4:00  SCV  
  52  4:04  SCV  
  53  4:10  Supply Depot, Hellion  
  53  4:12  SCV  
  53  4:13  Hellion  
  53  4:16  Banshee  
  61  4:17  Cloaking Field  
  61  4:18  SCV  
  62  4:30  SCV  
  62  4:31  SCV  
  61  4:35  Hellion x2  
  61  4:36  Barracks Tech Lab  
  60  4:42  SCV  
  60  4:43  SCV  
  52  4:53  Command Center  
  52  4:54  SCV  
  52  4:57  Hellion x2  
  52  4:59  SCV, Banshee  
  59  5:01  Marauder  
  59  5:06  SCV  
  62  5:11  SCV  
  63  5:18  SCV  
  63  5:19  Hellion x2, Bunker  
  68  5:23  Marauder  
  70  5:32  Barracks  
  70  5:33  Refinery, Barracks  
  70  5:34  Refinery  
  70  5:35  Supply Depot  
  70  5:38  Supply Depot  
  70  5:51  Supply Depot  
  70  5:56  Banshee, SCV x2, Marine  
  76  5:57  Engineering Bay  
  76  5:59  Engineering Bay  
  76  6:02  Hellion  
  76  6:03  Stimpack  
  78  6:07  Orbital Command  
  78  6:08  SCV x2  
  80  6:15  Marine  
  79  6:20  SCV x2  
  81  6:27  Barracks Reactor x2  
  81  6:28  Terran Infantry Weapons Level 1, Terran Infantry Armor Level 1  
  83  6:32  SCV x2  
  83  6:38  Marine  
  86  6:44  SCV  
  86  6:45  SCV  
  86  6:46  Barracks  
  88  6:47  Barracks  
  86  6:57  SCV  
  86  6:59  Supply Depot  
  86  7:00  Supply Depot x2, SCV  
  88  7:03  Marauder, Orbital Command  
  88  7:04  Marine x4  
  88  7:05  Medivac x2  
  88  7:07  Siege Tank  
  101  7:09  SCV  
  101  7:12  SCV  
  103  7:21  SCV, Marine  
  105  7:24  SCV  
  105  7:25  Marauder  
  105  7:28  Armory, Marine x2  
  110  7:30  Marine  
  110  7:33  SCV  
  110  7:35  Medivac  
  114  7:37  SCV  
  114  7:39  Barracks Reactor, Barracks Tech Lab  
  114  7:40  Siege Tank  
  118  7:44  Marine  
  118  7:46  Marauder, Marine  
  118  7:50  Marine x2  
  124  7:56  Viking  
  124  7:58  Combat Shields, Marauder  
  125  8:02  Marine  
  125  8:04  Refinery, Concussive Shells  
  126  8:06  Supply Depot, Marine  
  126  8:07  Supply Depot, Marine, Marauder  
  126  8:11  Marine  
  131  8:19  Marauder  
  133  8:23  Sensor Tower  
  133  8:25  Supply Depot, Siege Tank, Marine x4  
  140  8:29  Marauder  
  140  8:33  Terran Infantry Weapons Level 2  
  142  8:34  Marine x2  
  142  8:38  Barracks  
  142  8:39  Barracks x2  
  142  8:40  Marauder  
  146  8:43  Marine x2  
  146  8:45  Marine  
  146  8:46  Command Center  
  146  8:47  Marine  
  150  8:50  Marauder  
  150  8:53  Medivac x2  
  156  8:59  Marine  
  156  9:02  Marauder  
  159  9:04  Terran Infantry Armor Level 2  
  159  9:10  Marine x4  
  159  9:11  Marauder  
  165  9:46  Marine  
  165  9:48  Marauder, Medivac, Marine x2  
  165  9:49  Barracks Tech Lab x2  
  165  9:55  Barracks Tech Lab, Marine  
  165  9:57  Medivac, Siege Tank, Marine x2  
  165  9:58  Marauder  
  174  10:02  Supply Depot x3  
  174  10:04  Marine  
  174  10:06  Marine  
  176  10:07  Marine x2  
  176  10:09  Marauder  
  176  10:13  Marine  
  179  10:23  Medivac  
  179  10:24  Marauder  
  179  10:25  Marine x3  
  179  10:26  Marauder x3  
  179  10:27  Medivac  
  194  10:29  Marine  
  194  10:31  Marauder  
  194  10:32  Marine  
  198  10:39  Marine  
  199  10:43  Marine  
  197  10:50  Missile Turret x2  
  197  10:51  Missile Turret  
  197  10:52  Missile Turret x2, Marauder  
  197  10:53  Medivac  
  197  10:55  Marauder  
  200  10:59  Missile Turret x2  
  200  11:00  Missile Turret  
  200  11:01  Missile Turret x2  
  200  11:02  Planetary Fortress  
  180  11:05  Marauder, Marine  
  180  11:10  Marauder x2, Marine x5  
  178  11:11  Medivac  
  178  11:14  Marauder  
  178  11:16  Marine  
  183  11:23  Marine  
  184  11:27  Marine  
  184  11:28  Marine  
  184  11:30  Marine  
  193  11:34  Siege Tank  
  193  11:35  Marauder x2  
  193  11:38  Marine x2  
  189  11:40  Marine  
  189  11:45  Marine  
  189  11:46  Marine  
  184  11:48  Marine  
  184  11:52  Command Center  
  181  11:56  Marauder x2  
  181  12:00  Marine  
  183  12:04  Marine x3  
  183  12:05  Marine  
  183  12:06  Marine  
  188  12:18  Marine  
  188  12:20  Marauder x2  
  188  12:22  Marine  
  189  12:32  Marine x2  
  189  12:34  Starport, Barracks  
  189  12:37  Marine  
  189  12:38  Marine  
  189  12:42  Marauder x2  
  189  12:43  Marine x2  
  187  12:50  Marine  
  185  12:53  Supply Depot x2  
  185  12:58  Marine  
  184  13:00  Marine  
  184  13:04  Marauder x2  
  187  13:09  Marine  
  191  13:28  Missile Turret  
Tags
 
Add a new tag
Caveats
  • Supply blocks, unpowered buildings, or Contaminate may cause inaccurate times.
  • Supply counts are checked every 10 seconds.